 Dungeon Crawl Stone Soup version 0.23.0-42-geed6394 (webtiles) character file.

Game seed: 0

13597 XSreality the Cleaver (level 11, -2/90 HPs)
             Began as a Minotaur Berserker on Feb 28, 2019.
             Was a High Priest of Trog.
             Slain by Urug
             ... wielding a +4 demon trident
              (9 damage)
             ... on level 2 of the Lair of Beasts.
             The game lasted 01:18:20 (11194 turns).

XSreality the Cleaver (Minotaur Berserker)         Turns: 11194, Time: 01:18:21

Health: -2/90      AC: 19    Str: 26    XL:     11   Next: 77%
Magic:  10/10      EV:  8    Int:  9    God:    Trog [*****.]
Gold:   640        SH:  0    Dex:  6    Spells: 10/10 levels left

rFire    . . .     SeeInvis .   u - +5 war axe "Unyolu" {chop, Str+2 Int+5 Dex-3}
rCold    . . .     Gourm    .   (no shield)
rNeg     . . .     Faith    .   y - +1 plate armour
rPois    +         Spirit   .   (helmet restricted)
rElec    .         Reflect  .   B - +2 cloak
rCorr    +         Harm     .   (no gloves)
MR       +++..                  (no boots)
Stlth    ..........             q - amulet of the acrobat
HPRegen  1.25/turn              t - ring of poison resistance
MPRegen  0.12/turn              w - ring of resist corrosion

@: berserk cooldown, regenerating
A: retaliatory headbutt, hooves 1, horns 2, clumsy 1, frail 1, magic resistance
1
a: Berserk, Trog's Hand, Brothers in Arms, Renounce Religion


You were on level 2 of the Lair of Beasts.
You worshipped Trog.
Trog was extremely pleased with you.
You were not hungry.

You visited 2 branches of the dungeon, and saw 12 of its levels.

You collected 640 gold pieces.

Inventory:

Hand Weapons
 c - a +2 flail
 i - a +3 war axe
 r - a +1 dire flail of venom
 u - the +5 war axe "Unyolu" (weapon) {chop, Str+2 Int+5 Dex-3}
   (You found it on level 7 of the Dungeon)

   It inflicts extra damage upon your enemies.
   It affects your strength (+2).
   It affects your intelligence (+5).
   It affects your dexterity (-3).
 C - a +0 war axe
 D - a +2 shortbow of freezing
 P - a +1 war axe of flaming
 Q - the +8 fustibalus of Agony {velocity, Int+3, unknown}
   (Trog gifted it to you on level 2 of the Lair of Beasts)

   Any stone fired from it inflicts extra damage.
   It affects your intelligence (+3).
Missiles
 E - 88 arrows (quivered)
Armour
 y - a +1 plate armour (worn)
 B - a +2 cloak (worn)
Jewellery
 p - an uncursed ring of ice
 q - an amulet of the acrobat (around neck)
 t - a ring of poison resistance (left hand)
 w - a ring of resist corrosion (right hand)
 G - a +4 ring of dexterity
Wands
 a - a wand of polymorph (10)
 d - a wand of iceblast (18)
 l - a wand of random effects (28)
 H - a wand of flame (25)
 M - a wand of paralysis (7)
Scrolls
 b - a scroll of blinking {unknown}
 e - 2 scrolls of enchant weapon
 f - a scroll of noise {unknown}
 g - 4 scrolls of teleportation
 h - 5 scrolls of remove curse
 k - 2 scrolls of enchant armour
 s - a scroll of acquirement {unknown}
 v - a scroll of fear {unknown}
 A - 2 scrolls of magic mapping {unknown}
 J - 5 scrolls of identify
 K - a scroll of silence {unknown}
 N - 2 scrolls of summoning {unknown}
Potions
 j - 3 potions of mutation
 m - a potion of lignification {unknown}
 o - 2 potions of haste
 x - 2 potions of might
 z - 3 potions of ambrosia
 F - a potion of cancellation
 I - a potion of agility {unknown}
 L - a potion of brilliance {unknown}
Comestibles
 n - 3 rations
 O - 5 chunks of flesh


   Skills:
 + Level 10.2 Fighting
 * Level 13.8(15.2) Axes
 - Level 11.5(14.2) Maces & Flails
 + Level 10.3 Armour
 - Level 2.2 Dodging
 + Level 0.1 Evocations


You had 10 spell levels left.
You didn't know any spells.
Your spell library was empty.

Dungeon Overview and Level Annotations

Branches:
Dungeon (10/15)            Temple (0/1) D:4            Lair (2/6) D:10
  Swamp: Lair:2-4    Shoals: Lair:2-4     Snake: Lair:2-4    Spider: Lair:2-4
    Orc: D:9-12

Altars:
Cheibriados
Dithmenos
Elyvilon
Hepliaklqana
Makhleb
Qazlal
Trog
Uskayaw
Vehumet
Wu Jian
Yredelemnul
Zin
The Shining One

Annotations:
D:5 1 runed translucent door
Lair:1 exclusion: 3 oklob plants
Lair:2 Urug


Innate Abilities, Weirdness & Mutations

You reflexively headbutt those who attack you in melee.
You have a pair of horns on your head.
You have large cloven feet.
You are clumsy. (Dex -2)
You are frail. (-10% HP)
You are resistant to hostile enchantments. (MR+)


Message History

Urug is lightly wounded.
Urug hits you with a +4 demon trident!!
You hit Urug. You kick Urug, but do no damage.
Urug is moderately wounded.
You slash Urug! You kick Urug, but do no damage. Your headbutt misses Urug.
Urug is heavily wounded.
Urug completely misses you.
Your skin crawls.
You feel resistant to hostile enchantments.
You feel somewhat more hungry. Urug hits you with a +4 demon trident!!
* * * LOW HITPOINT WARNING * * *
You slash Urug!
Urug is severely wounded.
Urug hits you with a +4 demon trident!
* * * LOW HITPOINT WARNING * * *
Aiming: Paralyse
Press: ? - help, Shift-Dir - straight line, f - Urug
Aim: Urug, wielding a +4 demon trident and wearing a +0 scale mail (severely wounded, unusually strong, chance to defeat MR: 28%) Urug easily resists.
Urug hits you with a +4 demon trident!
You die...

#........
#............
#.....$..... #o....
.... ....... ##....
............. #....
#.# .........
#..#####.# ........
#.(##.#..# ......##.
#..o@....###.........
#...##...P##.....#...
#...##.....'.....#...
#...##...###.........
#..####..#...........
#..####..###.....#...
...##.....##††....#.#
##............†.......
#.. .................


You could see Urug.

Vanquished Creatures
  Gastronok (D:9)
  Harold (D:7)
  A two-headed ogre (D:9)
  Pikel (D:7)
  Maurice (D:8)
  A torpor snail (Lair:2)
  A spiny frog (Lair:1)
  2 komodo dragons
  A troll (D:9)
  A polar bear (Lair:2)
  Grinder (D:4)
  Prince Ribbit (D:8)
  3 hippogriffs
  4 blink frogs (Lair:2)
  10 yaks (Lair:2)
  Edmund (D:4)
  2 water moccasins (Lair:1)
  4 porcupines
  A sky beast (D:9)
  2 orc warriors
  2 black bears
  An ice beast (D:5)
  A necrophage (D:7)
  A slave (D:7)
  3 centaurs
  2 phantoms
  5 ogres
  A crocodile (Lair:1)
  3 big kobolds
  11 bullfrogs
  A killer bee (D:5)
  5 wights
  2 howler monkeys (D:8)
  4 crimson imps
  A centaur zombie (D:6)
  5 orc wizards
  A quasit (D:9)
  4 hounds
  3 orc priests
  2 bullfrog zombies
  2 bullfrog skeletons
  A jelly (D:9)
  2 centaur skeletons
  Ijyb (D:3)
  Natasha (D:3)
  17 worker ants
  A killer bee zombie (D:9)
  9 gnolls
  A howler monkey skeleton (D:10)
  A worker ant zombie (D:8)
  13 adders
  2 shadow imps
  3 oozes
  3 adder skeletons
  4 worms
  A dart slug (D:1)
  A leopard gecko (D:3)
  23 orcs
  A ball python (D:3)
  6 giant cockroaches
  5 hobgoblins
  2 jackals (D:1)
  3 quokkas
  8 bats
  2 frilled lizards
  12 goblins
  3 hobgoblin zombies (D:9)
  14 kobolds
  A kobold skeleton (D:9)
  3 kobold zombies (D:9)
  An orc skeleton (D:9)
  2 orc zombies (D:9)
  A quokka skeleton (D:10)
  A quokka zombie (D:8)
  7 rats
  3 plants
  A withered plant (D:7)
260 creatures vanquished.

Vanquished Creatures (others)
  2 fungi (Lair:2)
2 creatures vanquished.

Grand Total: 262 creatures vanquished

Notes
Turn   | Place    | Note
-------+----------+-------------------------------------------
     0 | D:1      | XSreality the Minotaur Berserker began the quest for the
                  | Orb.
     0 | D:1      | Reached XP level 1. HP: 19/19 MP: 0/0
    35 | D:1      | You fall through a shaft!
   207 | D:2      | Found a shadowy altar of Dithmenos.
   227 | D:2      | Reached XP level 2. HP: 27/27 MP: 1/1
   242 | D:2      | Reached skill level 5 in Maces & Flails
   242 | D:2      | Reached XP level 3. HP: 15/33 MP: 2/2
   444 | D:2      | Found a hazy altar of Hepliaklqana.
  1389 | D:1      | Reached XP level 4. HP: 40/40 MP: 3/3
  1965 | D:3      | Reached ** piety under Trog
  2384 | D:3      | Noticed Natasha
  2405 | D:3      | Killed Natasha
  2627 | D:3      | Noticed Ijyb
  2632 | D:3      | Killed Ijyb
  2632 | D:3      | Reached XP level 5. HP: 44/47 MP: 4/4
  3107 | D:4      | Found a staircase to the Ecumenical Temple.
  3127 | D:4      | Noticed an orc warrior
  3165 | D:4      | Killed an orc warrior
  3165 | D:4      | Reached skill level 5 in Fighting
  3165 | D:4      | Reached XP level 6. HP: 29/56 MP: 5/5
  3454 | D:4      | Found a radiant altar of Vehumet.
  3530 | D:4      | Noticed Grinder
  3541 | D:4      | Killed Grinder
  3541 | D:4      | Reached XP level 7. HP: 61/61 MP: 6/6
  3559 | D:4      | Reached *** piety under Trog
  3780 | D:4      | Found a stormy altar of Qazlal.
  3914 | D:4      | Noticed Edmund
  3925 | D:4      | Killed Edmund
  3930 | D:4      | Gained mutation: You are resistant to hostile enchantments.
                  | (MR+) [potion of mutation]
  3930 | D:4      | Gained mutation: You are frail. (-10% HP) [potion of
                  | mutation]
  3930 | D:4      | Gained mutation: You are clumsy. (Dex -2) [potion of
                  | mutation]
  3930 | D:4      | Gained mutation: You have large cloven feet. [potion of
                  | mutation]
  4408 | D:5      | Entered Level 5 of the Dungeon
  4479 | D:5      | Found a hide-covered altar of Uskayaw.
  4584 | D:5      | Found a runed translucent door.
  4585 | D:5      | Found a runed translucent door.
  4594 | D:5      | Reached skill level 5 in Armour
  4608 | D:5      | Reached XP level 8. HP: 55/63 MP: 7/7
  4857 | D:5      | Reached skill level 10 in Maces & Flails
  4947 | D:5      | Found a burning altar of Makhleb.
  4966 | D:5      | Found a glowing silver altar of Zin.
  4966 | D:5      | Noticed an angel
  4966 | D:5      | Noticed a cacodemon
  5297 | D:6      | Found a snail-covered altar of Cheibriados.
  5298 | D:6      | Reached **** piety under Trog
  5351 | D:6      | Noticed a moth of wrath
  5354 | D:6      | Found a bloodstained altar of Trog.
  5730 | D:6      | Reached XP level 9. HP: 67/71 MP: 8/8
  6031 | D:6      | Upgraded the game from 0.23.0-38-g208d714 to
                  | 0.23.0-42-geed6394
  6075 | D:7      | Found a basalt altar of Yredelemnul.
  6180 | D:7      | Got a faintly glowing war axe
  6190 | D:7      | Identified the +5 war axe "Unyolu" {chop, Str+2 Int+5
                  | Dex-3} (You found it on level 7 of the Dungeon)
  6347 | D:7      | Reached skill level 1 in Axes
  6416 | D:7      | Noticed Harold
  6428 | D:7      | Killed Harold
  6428 | D:7      | Reached skill level 3 in Axes
  6485 | D:7      | Noticed Pikel
  6488 | D:7      | Reached skill level 4 in Axes
  6494 | D:7      | Killed Pikel
  6494 | D:7      | Reached skill level 5 in Axes
  7088 | D:8      | Noticed Maurice
  7102 | D:8      | Killed Maurice
  7102 | D:8      | Reached skill level 6 in Axes
  7102 | D:8      | Reached XP level 10. HP: 76/81 MP: 9/9
  7139 | D:8      | Found an ornate altar of the Wu Jian Council.
  7500 | D:8      | Noticed Prince Ribbit
  7506 | D:8      | Killed Prince Ribbit
  7506 | D:8      | Reached skill level 7 in Axes
  7705 | D:8      | Reached skill level 8 in Axes
  7902 | D:9      | Reached ***** piety under Trog
  7933 | D:9      | Found a white marble altar of Elyvilon.
  7989 | D:9      | Noticed a two-headed ogre
  8007 | D:9      | Killed a two-headed ogre
  8007 | D:9      | Reached skill level 9 in Axes
  8280 | D:9      | Reached skill level 10 in Axes
  8404 | D:9      | Found a glowing golden altar of the Shining One.
  8520 | D:9      | Noticed Gastronok
  8552 | D:9      | Killed Gastronok
  8552 | D:9      | Reached skill level 11 in Axes
  8552 | D:9      | Reached XP level 11. HP: 26/87 MP: 10/10
  9648 | D:10     | Entered Level 10 of the Dungeon
 10116 | D:10     | Found a staircase to the Lair.
 10225 | Lair:1   | Entered Level 1 of the Lair of Beasts
 10321 | Lair:1   | Noticed an oklob plant
 10327 | Lair:1   | Noticed an oklob plant
 10328 | Lair:1   | Noticed an oklob plant
 10337 | Lair:1   | Reached skill level 12 in Axes
 10581 | Lair:1   | Reached skill level 10 in Armour
 10963 | Lair:2   | Reached skill level 13 in Axes
 10974 | Lair:2   | Reached skill level 10 in Fighting
 11150 | Lair:2   | Received a gift from Trog
 11154 | Lair:2   | Got an ivory fustibalus {god gift}
 11177 | Lair:2   | Noticed Urug
 11194 | Lair:2   | Slain by Urug

Skill      XL: |  1  2  3  4  5  6  7  8  9 10 11 |
---------------+----------------------------------+-----
Maces & Flails | 4 5 6 7 8 9 11 | 11.5
Fighting       | 4 5 6 7 8 9 10 | 10.2
Armour         | 3 5 6 8 9 10 | 10.3
Axes           | 6 11 13 | 13.8
Dodging        | |  2.2
Evocations     | |  0.1

Action                   |  1- 3 |  4- 6 |  7- 9 | 10-12 || total
-------------------------+-------+-------+-------+-------++-------
Melee: Mace              |    21 |       |       |       ||    21
       Headbutt          |     9 |    19 |    29 |    40 ||    97
       Flail             |    31 |    91 |    26 |       ||   148
       Dire flail        |       |       |   162 |       ||   162
       Kick              |       |       |    54 |    61 ||   115
       War axe           |       |       |    42 |   262 ||   304
Invok: Berserk           |       |       |       |     3 ||     3
       Trog's Hand       |       |       |       |     1 ||     1
Evoke: Wand              |       |       |       |     2 ||     2
  Use: Potion            |       |       |     2 |     3 ||     5
       Scroll            |       |       |     6 |     2 ||     8
 Stab: Sleeping          |     3 |     4 |       |       ||     7
  Eat: Chunk             |     1 |     7 |    10 |    14 ||    32
       Ration            |       |       |       |     1 ||     1
Armor: Animal skin       |     9 |     7 |       |       ||    16
       Chain mail        |       |    26 |       |       ||    26
       Plate armour      |       |     4 |   105 |   146 ||   255
Dodge: Dodged            |    35 |    43 |    60 |   114 ||   252
